 Dungeon Crawl Stone Soup version 0.31-a0-1178-gc5c9b8f871 (webtiles) character file.

Game seed: 8490055829391868908

276 grandjackal the Shield-Bearer (level 6, 0/72 HPs)
             Began as an Armataur Fighter on Dec 12, 2023.
             Slain by an orc wizard
             ... wielding a +0 dagger
              (2 damage)
             ... on level 4 of the Dungeon.
             The game lasted 00:03:14 (2346 turns).

grandjackal the Shield-Bearer (Armataur Fighter)    Turns: 2346, Time: 00:03:14

Health: 0/72       AC: 15    Str: 23    XL:     6   Next: 4%
Magic:  6/6        EV:  7    Int:  7    God:
Gold:   191        SH:  5    Dex: 13    Spells: 5/5 levels left

rFire   + + +        u - +2 flail (protect)
rCold   x . .        c - +0 buckler
rNeg    . . .        p - +0 fire dragon scales
rPois   .            g - +0 hat
rElec   .            (no cloak)
rCorr   .            (no gloves)
SInv    .            (no barding)
Will    +....        n - amulet of the acrobat Stlth
                     (no ring)
HPRegen 0.32/turn    (no ring)
MPRegen 0.10/turn

%: acrobat, roll
@: berserking, under a protective aura, enlightened, flying, hasted, very quick
A: large, deformed body, tough skin 3, armoured tail, roll 1, long tongue,
talons 1, agile 1, fire resistance 1
a: no special abilities


You were on level 4 of the Dungeon.
You visited 1 branch of the dungeon, and saw 4 of its levels.

You collected 191 gold pieces.

Inventory:

Hand Weapons
 m - a +0 whip of electrocution
 u - a +2 flail of protection (weapon)
Missiles
 s - 2 throwing nets
Armour
 b - a +0 scale mail
 c - a +0 buckler (worn)
 g - a +0 hat (worn)
 i - a +0 plate armour
 p - +0 fire dragon scales (worn)
Jewellery
 n - an amulet of the acrobat (around neck)
Wands
 t - a wand of quicksilver (8)
Scrolls
 e - a scroll of blinking {unknown}
 f - a scroll of silence {unknown}
 l - 4 scrolls of identify {unknown}
 q - a scroll of enchant weapon {unknown}
 r - a scroll of fear {unknown}
Potions
 d - a potion of might
 o - a potion of mutation


   Skills:
 + Level 4.0 Fighting
 + Level 3.3 Maces & Flails
 - Level 4.0 Armour
 + Level 5.0 Shields
 + Level 1.1 Evocations


You had 5 spell levels left.
You didn't know any spells.
Your spell library contained the following spells:

 Spells                   Type           Power      Damage    Failure   Level
 Kiss of Death            Conj/Necr      0%         2d5       86%         1
 Summon Small Mammal      Summ           0%         N/A       86%         1
 Call Canine Familiar     Summ           0%         N/A       99%         3
 Confusing Touch          Hex            0%         N/A       99%         3
 Frozen Ramparts          Ice            0%         1d1       99%         3
 Summon Guardian Golem    Hex/Summ       0%         N/A       99%         3
 Dispel Undead            Necr           0%         3d6       100%        4
 Petrify                  Tmut/Erth      0%         N/A       100%        4
 Summon Ice Beast         Ice/Summ       0%         N/A       100%        4
 Freezing Cloud           Conj/Ice/Air   0%         6-21      100%        5
 Metabolic Englaciation   Hex/Ice        0%         N/A       100%        5
 Summon Mana Viper        Hex/Summ       0%         N/A       100%        5
 Monstrous Menagerie      Summ           0%         N/A       100%        7
 Summon Horrible Things   Summ           0%         N/A       100%        8


Dungeon Overview and Level Annotations

Branches:
Dungeon (4/15)
 Temple: D:4-7

Altars:


Innate Abilities, Weirdness & Mutations

Armour fits poorly on your strangely shaped body.
You have extremely tough skin. (AC +3)
You have a long armoured tail.
You roll when moving toward enemies. (Rampage)
Your long tongue fully drains potion bottles. (2x potion effects)
You have sharp toenails.
You are agile. (Dex +4, Str/Int -1)
Your flesh is heat resistant. (rF+)


Message History

The orc wizard hits you but does no damage.
Unknown command.
It was a potion of berserk rage.
A red film seems to cover your vision as you go berserk!
You feel yourself moving faster!
You feel mighty!
You slurp down every last drop of the potion of berserk rage!
The scorpion stings you but does no damage.
Unknown command.
You closely miss the scorpion. You claw the scorpion.
The scorpion is lightly wounded.
You feel sick. The orc barely misses you.
The orc wizard points at you and mumbles some strange words.
The magic dart hits you.
* * * LOW HITPOINT WARNING * * *
The scorpion stings you but does no damage.
You bump into the rock wall.
You feel sick.
You are no longer poisoned.
The scorpion stings you but does no damage.
The orc hits you with a +0 mace.
* * * LOW HITPOINT WARNING * * *
The orc wizard hits you but does no damage.
You hit the scorpion.
Your weapon exudes an aura of protection.
Your kick misses the scorpion.
The scorpion is moderately wounded.
The scorpion stings you but does no damage.
You bump into the rock wall.
You feel less confused.
The orc wizard gestures at you while chanting.
The magic dart hits you!
* * * LOW HITPOINT WARNING * * *
The scorpion stings you but does no damage.
You sock the scorpion!
The scorpion is almost dead.
The orc wizard hits you but does no damage.
The scorpion completely misses you.
You closely miss the scorpion.
The scorpion is almost dead.
The orc wizard hits you with a +0 dagger.
You die...

#. #. .# #. ######.# ##.
o.#.#.# .< ##.....#### #o
#..)....... .. #o###.....#
#.# #o@sog....# #.#
#######.### #.# #.#
#.######### ##'##
#.........###...##
#..<......##.....#.## ###
#..#.####.#...........
..######.....###.)........###
..........................+


You could see a scorpion, 2 orc wizards, 2 orcs and a goblin.

Vanquished Creatures
  A jelly (D:4)
  An orc priest (D:4)
  6 gnolls (D:3)
  5 adders
  2 worms
  6 dart slugs
  6 orcs (D:3)
  4 endoplasms
  4 giant cockroaches
  11 goblins
  3 hobgoblins
  5 jackals
  6 quokkas
  9 ball pythons
  7 bats
  2 frilled lizards (D:2)
  5 kobolds
  6 rats
89 creatures vanquished.

Notes
Turn   | Place    | Note
-------+----------+-------------------------------------------
     0 | D:1      | grandjackal the Armataur Fighter began the quest for the
                  | Orb.
     0 | D:1      | Reached XP level 1. HP: 17/17 MP: 1/1
   105 | D:1      | Reached XP level 2. HP: 23/23 MP: 2/2
   661 | D:1      | Reached XP level 3. HP: 29/29 MP: 3/3
   953 | D:2      | Got the Cyclopedia of the Glacier and the Congregation
  1234 | D:2      | Reached skill level 4 in Shields
  1375 | D:3      | Reached XP level 4. HP: 35/35 MP: 4/4
  1698 | D:3      | Reached XP level 5. HP: 37/41 MP: 5/5
  2191 | D:3      | Found a faded altar of an unknown god.
  2292 | D:4      | Reached skill level 1 in Evocations
  2332 | D:4      | Reached skill level 5 in Shields
  2332 | D:4      | Reached XP level 6. HP: 33/48 MP: 6/6
  2337 | D:4      | Gained mutation: You have sharp toenails. [potion of
                  | mutation]
  2337 | D:4      | Gained mutation: You are agile. (Dex +4, Str/Int -1)
                  | [potion of mutation]
  2337 | D:4      | Gained mutation: Your flesh is heat resistant. (rF+)
                  | [potion of mutation]
  2344 | D:4      | HP: 2/72 [orc wizard/magic dart (7)]
  2346 | D:4      | Slain by an orc wizard

Illustrated notes

Levels and vault maps discovered:
D:1:      tarquinn_simple_flora_water_f, layout_basic,
          chequers_serial_rivers_marsh
D:2:      layout_rooms
D:3:      layout_loops_cross, shapermc_ecumenical_altar_mp_ritualfount,
          minmay_joined_circles
D:4:      layout_loops_corners, nemelex_xobeh_ov_fountains_minmay,
          minmay_temple_entry_stoned_glass

Skill      XL: |  1  2  3  4  5 |
---------------+----------------+-----
Maces & Flails | 2 3 |  3.3
Fighting       | 3 4 |  4.0
Armour         | 4 |  4.0
Shields        | 4 5 |  5.0
Evocations     | 1 |  1.1

Action                     |  1- 3 |  4- 6 || total
---------------------------+-------+-------++-------
  Melee: Flail             |    55 |    23 ||    78
         Tailslap          |    15 |    19 ||    34
         Whip              |    59 |   120 ||   179
         Kick              |       |     1 ||     1
    Use: Potion            |       |     4 ||     4
 Armour: Scale mail        |    58 |       ||    58
         Fire dragon scale |     8 |    99 ||   107
  Dodge: Dodged            |    35 |    59 ||    94
  Block: Buckler           |    17 |    23 ||    40

Table legend: (Time is in decaauts)
 A = Elapsed time spent in this place.
 B = Non-inter-level travel time spent in this place.
 C = Inter-level travel time spent in this place.
 D = Time resting spent in this place.
 E = Time spent auto-exploring this place.
 F = Levels seen in this place.
 G = Mean time per level.
                   A        B        C        D        E       F      G
               +--------+--------+--------+--------+--------+-----+--------+
         Total |   2365 |   2349 |     16 |    158 |   1603 |   4 |  591.2 |
       Dungeon |   2365 |   2349 |     16 |    158 |   1603 |   4 |  591.2 |
               +--------+--------+--------+--------+--------+-----+--------+

Top non-repeatable levels by time:
     D:1: 923 daAuts
     D:3: 867 daAuts
     D:2: 455 daAuts
     D:4: 119 daAuts
